 Dungeon Sprint DCSS version 0.15-b1-55-g17c0860 (webtiles) character file.

9 zercules the Ruffian (level 2, -2/28 HPs)
             Began as a Minotaur Monk on Aug 10, 2014.
             Slain by a worker ant (7 damage)
             ... in the Dungeon (Sprint IX: "|||||||||||||||||||||||||||||").
             The game lasted 00:00:24 (35 turns).

zercules the Ruffian (Minotaur Monk)                  Turns: 35, Time: 00:00:24

HP  -2/28        AC  2     Str 15      XL: 2   Next:  6%
MP   1/1         EV 13     Int  7      God:
Gold 0           SH  0     Dex 12      Spells:  0 memorised,  1 level left

rFire  . . .     SeeInvis .       - Unarmed
rCold  . . .     Clarity  .     a - +0 robe
rNeg   . . .     rCorr    .     (no shield)
rPois  .         rRot     .     (helmet restricted)
rElec  .         Spirit   .     (no cloak)
SustAb .         Warding  .     (no gloves)
rMut   .         NoTele   +     (no boots)
Gourm  .                        (no amulet)
MR     .....                    (no ring)
                                (no ring)

@: lethally poisoned, not resistant to hostile enchantments, unstealthy
A: retaliatory headbutt, horns 2
a: no special abilities


You were in the Dungeon.
You were not hungry.

You visited 1 branch


Innate Abilities, Weirdness & Mutations

You reflexively headbutt those who attack you in melee.
You have a pair of horns on your head.


   Skills:
 + Level 4.4 Fighting
 + Level 4.0 Dodging
 + Level 2.5 Stealth
 + Level 4.8 Unarmed Combat


You had one spell level left.
You didn't know any spells.

Dungeon Overview and Level Annotations

Branches:
Dungeon (1/1)

Altars:

Inventory:

Armour
 a - a +0 robe (worn)
Comestibles
 b - a bread ration
Scrolls
 h - a scroll of blinking
Potions
 c - a potion of curing {@q1}
 d - a potion of heal wounds {@q2}
 e - a potion of haste {@q3}
 f - 2 potions of magic
 g - a potion of berserk rage #################### +..cYa@....)'.....<# #################### You could see a sky beast, a centaur and a worker ant.


Message History

You closely miss the hobgoblin. The hobgoblin closely misses you.
You furiously retaliate!
You headbutt the hobgoblin!
You kill the hobgoblin!
You hit the hobgoblin but do no damage. The hobgoblin misses you.
You hit the hobgoblin.
You kill the hobgoblin!
Your Fighting skill increases to level 4!
Your Stealth skill increases to level 2!
You barely miss the hobgoblin. The hobgoblin hits you.
You barely miss the hobgoblin. The hobgoblin misses you.
You furiously retaliate!
You headbutt the hobgoblin. You closely miss the hobgoblin.
The hobgoblin is heavily wounded.
The hobgoblin misses you. You furiously retaliate!
You headbutt the hobgoblin!
You kill the hobgoblin!
You closely miss the giant newt. The giant newt barely misses you.
You furiously retaliate!
You headbutt the giant newt!
You kill the giant newt!
The bat hits you but does no damage. The bat barely misses you.
You furiously retaliate!
You headbutt the bat!
You kill the bat!
Things that are here:
a club; a giant newt corpse; a hobgoblin corpse
Things that are here:
a club; a giant newt corpse; a hobgoblin corpse You open the door.
A bat, a worker ant, a sky beast, an orc and a centaur come into view.
The centaur shouts!
The orc closely misses you.
There is an open door here.
You closely miss the orc. You closely miss the orc. You hit the orc.
The orc is heavily wounded.
The orc hits you with a club.
You hit the orc.
You kill the orc!
You have reached level 2!
The bat closely misses you.
You hit the bat. You punch the bat.
You kill the bat!
Your Dodging skill increases to level 4!
You barely miss the worker ant. You headbutt the worker ant.
The worker ant is moderately wounded.
The worker ant bites you.
You hit the worker ant.
The worker ant is heavily wounded.
The worker ant bites you but does no damage.
You hit the worker ant.
The worker ant is severely wounded.
The worker ant bites you.
* * * LOW HITPOINT WARNING * * *
You barely miss the worker ant.
The worker ant is severely wounded.
The worker ant bites you.
* * * LOW HITPOINT WARNING * * *
You are poisoned.
The worker ant poisons you!
You barely miss the worker ant.
The worker ant is severely wounded.
You feel sick. The worker ant closely misses you. You furiously retaliate!
You headbutt the worker ant, but do no damage.
You closely miss the worker ant.
The worker ant is severely wounded.
The worker ant bites you.
* * * LOW HITPOINT WARNING * * *
You barely miss the worker ant.
The worker ant is severely wounded.
You feel sick. The worker ant bites you!
You die...

Action                   || total
-------------------------++-------
Melee: Unarmed           ||    20

Vault maps used:
D:        linesprint

Notes
Turn   | Place    | Note
--------------------------------------------------------------
     0 | D        | zercules, the Minotaur Monk, began the quest for the Orb.
     0 | D        | Reached XP level 1. HP: 19/19 MP: 1/1
    10 | D        | Reached skill level 4 in Fighting
    10 | D        | Reached skill level 2 in Stealth
    22 | D        | Noticed a centaur
    22 | D        | Noticed a sky beast
    22 | D        | Noticed a worker ant
    27 | D        | Reached XP level 2. HP: 20/28 MP: 1/1
    28 | D        | Reached skill level 4 in Dodging
    33 | D        | HP: 7/28 [poisoned by a worker ant]
    35 | D        | Slain by a worker ant

Vanquished Creatures
  An orc (D)
  2 bats (D)
  3 hobgoblins (D)
  A giant newt (D)
7 creatures vanquished.
